 Dungeon Crawl Stone Soup version 0.25-a0-860-gf695395b5c (webtiles) character file.

Game seed: 8582216244304905334, levelgen mode: deterministic

44204 KiliKikkendorf the Severer (level 14, 0/183 HPs)
             Began as a Hill Orc Gladiator on Apr 27, 2020.
             Was a High Priest of Qazlal.
             Killed by divine providence
             ... invoked by an orc high priest
              (9 damage)
             ... on level 1 of the Orcish Mines.
             The game lasted 01:17:55 (17952 turns).

KiliKikkendorf the Severer (Hill Orc Gladiator)    Turns: 17952, Time: 01:18:00

Health: 0/183      AC: 30    Str: 25    XL:     14   Next: 27%
Magic:  7/14       EV:  2    Int:  8    God:    Qazlal [*****.]
Gold:   1164       SH: 29    Dex: 14    Spells: 12/13 levels left

rFire    . . .     SeeInvis .   u - +3 broad axe (flame)
rCold    . . .     Gourm    .   a - +2 tower shield
rNeg     + + +     Faith    .   (armour currently unavailable)
rPois    +         Spirit   .   (helmet currently unavailable)
rElec    .         Reflect  .   (cloak currently unavailable)
rCorr    +         Harm     .   (gloves currently unavailable)
MR       +....     NoTele   +   (boots currently unavailable)
Stlth    +.........             (no amulet)
HPRegen  0.40/turn              e - +3 ring of strength
MPRegen  0.14/turn              Q - ring of resist corrosion

@: tree-form, protected from physical damage, very slightly contaminated,
studying Axes, heavily drained, repel missiles
A: agile 1
a: Upheaval, Elemental Force, Disaster Area, Renounce Religion, Convert to Beogh


You were on level 1 of the Orcish Mines.
You worshipped Qazlal.
Qazlal was extremely pleased with you.
You were very hungry.
You were a tree.
You visited 3 branches of the dungeon, and saw 19 of its levels.

You collected 1513 gold pieces.
You spent 349 gold pieces at shops.

Inventory:

Hand Weapons
 r - the +4 falchion of Anger {holy, +Inv Dex+4 SInv}
   (You found it on level 9 of the Dungeon)

   It has been blessed by the Shining One to cause great damage to the undead
   and demons.
   It affects your dexterity (+4).
   It lets you see invisible.
   It lets you turn invisible.
 u - a +3 broad axe of flaming (weapon)
 E - a +2 hand axe of holy wrath
 M - the +7 spear of Zineu {vorpal, +Blink}
   (You found it on level 3 of the Lair of Beasts)

   It inflicts extra damage upon your enemies.
   It lets you blink.
Missiles
 d - 3 throwing nets (quivered)
Armour
 a - a +2 tower shield (worn)
 c - a +2 helmet (melded)
 q - a +0 cloak (melded)
 w - cursed +0 steam dragon scales
 z - a +0 pair of boots (melded)
 X - the +8 ring mail of Action {Dex+2}
   (You found it on level 6 of the Lair of Beasts)

   It affects your dexterity (+2).
 Y - a +2 plate armour of fire resistance (melded)
Jewellery
 e - a +3 ring of strength (left branch)
 j - a +1 ring of evasion
 n - an uncursed ring of ice
 t - an uncursed ring of protection from fire
 Q - a ring of resist corrosion (right branch)
 W - an uncursed amulet of magic regeneration
Wands
 g - a wand of random effects (29)
 i - a wand of enslavement (7)
 G - a wand of paralysis (9)
 H - a wand of polymorph (3)
 P - a wand of digging (7)
 S - a wand of disintegration (22)
Scrolls
 b - 7 scrolls of amnesia
 o - 2 scrolls of fog
 y - 3 scrolls of identify
 B - a scroll of magic mapping
 C - 9 scrolls of remove curse
 D - 4 scrolls of teleportation
 F - 2 scrolls of immolation
 T - a scroll of holy word
Potions
 h - 3 potions of brilliance
 m - 6 potions of flight
 p - 2 potions of stabbing
 s - 4 potions of might
 x - 2 potions of lignification
 I - 2 potions of haste
 J - 5 potions of curing
 N - a potion of cancellation
 V - a potion of mutation
Books
 L - a manual of Axes
Miscellaneous
 R - 2 boxes of beasts
 U - a phantom mirror
Comestibles
 f - 18 rations


   Skills:
 + Level 10.9(8.8) Fighting
 + Level 19.5(17.1) Axes
 - Level 1.7(0.2) Throwing
 + Level 10.0(8.0) Armour
 + Level 5.7(3.9) Dodging
 + Level 1.7(0.1) Stealth
 + Level 14.0(11.8) Shields
 + Level 0.2(0.0) Spellcasting
 + Level 0.1(0.0) Conjurations
 + Level 1.2(0.0) Invocations


You had 12 spell levels left.
You knew the following spells:

 Your Spells              Type           Power        Failure   Level  Hunger
a - Magic Dart            Conj           #...         93%         1    ##.....

Your spell library contained the following spells:

 Spells                   Type           Power        Failure   Level  Hunger
 Animate Skeleton         Necr           N/A          93%         1    ##.....
 Apportation              Tloc           #.....       93%         1    ##.....
 Corona                   Hex            #......      93%         1    ##.....
 Summon Butterflies       Summ           #.......     93%         1    ##.....
 Summon Small Mammal      Summ           #...         93%         1    ##.....
 Blink                    Tloc           N/A          98%         2    ###....
 Call Imp                 Summ           #.......     98%         2    ###....
 Poisonous Vapours        Pois/Air       #.....       98%         2    ###....
 Slow                     Hex            #.......     98%         2    ###....
 Call Canine Familiar     Summ           #.......     100%        3    ####...
 Conjure Flame            Conj/Fire      #.......     100%        3    ####...
 Mephitic Cloud           Conj/Pois/Air  #.......     100%        3    ####...
 Ice Form                 Ice/Tmut       #.......     100%        4    #####..
 Summon Ice Beast         Ice/Summ       #.......     100%        4    #####..
 Metabolic Englaciation   Hex/Ice        #.........   100%        5    ######.
 Summon Mana Viper        Hex/Summ       #.......     100%        5    ######.
 Freezing Cloud           Conj/Ice/Air   #.........   100%        6    #######
 Ozocubu's Refrigeration  Ice            #.........   100%        6    #######
 Simulacrum               Ice/Necr       #.........   100%        6    #######
 Ring of Flames           Chrm/Fire      #.........   100%        7    #######
 Summon Hydra             Summ           #.........   100%        7    #######


Dungeon Overview and Level Annotations

Branches:
Dungeon (11/15)            Temple (0/1) D:7            Lair (6/6) D:11
 Shoals (0/4) Lair:3       Spider (0/4) Lair:4        Slime (0/5) Lair:5
    Orc (2/2) D:11
    Elf: Orc:2

Altars:
Fedhas
Qazlal
Uskayaw
Wu Jian
Xom
Zin
Jiyva

Shops:
D:7 ?   D:10 *   D:11 !!(

Portals:
Abyss: Lair:2

Annotations:
Lair:2 2 transporters, Utroop's ghost, journeyman FoAK


Innate Abilities, Weirdness & Mutations

((You are partially covered in iridescent scales. (AC +2)))
You are agile. (Dex +2)


Message History

Your +0 pair of boots melds into your body.
Your +2 plate armour of fire resistance melds into your body.
You feel less resistant to fire.
Your roots penetrate the ground.
The orc high priest shouts, "Join the one true god or die!"
You block the ettin's attack. x2
You hit the ettin but do no damage.
The ettin is almost dead.
The ettin is no longer encased in ice.
The orc high priest utters an invocation to Beogh.
You block the ettin's attack.
The ettin hits you with a +0 great mace!
* * * LOW HITPOINT WARNING * * *
You feel more protected from physical attacks.
You slice the ettin!! You burn the ettin.
You kill the ettin!
Qazlal accepts your kill.
Your base Shields skill increases to level 14!
The orc high priest calls down the wrath of Beogh upon you.
Beogh smites you!
You die...

..).........##.#.##......[[).##
....#........#.####....#......#
................# #....#.....##
.............#.####..o.[.....#
......##....#### #....§#.....##
....#####...# ##....##.....#
....####.#..######.#......>...#
.#...##......##.#4............#
.#.......##.....♣#§...#......##
..#.....###..##.####.#........#
...###...#....### ##........##
....#.#........# ####.......##
............#.## ##.##.#......#
...........).## #...........##
^.............# ###......#...##
.......#...#.####.......#.....#
..........##.###......##.....##


You could see an orc high priest and a chaos spawn.

Vanquished Creatures
  An ettin (Orc:1)
  Josephine (D:11)
  Fannar (D:11)
  Erolcha (Orc:1)
  A merfolk avatar (Lair:6)
  A hydra (Lair:2)
  The ghost of Jocoan the Grappler, a journeyman VSTm of Kikubaaqudgha (Lair:4)
  Erica (D:9)
  3 death yaks (D:11)
  An orc high priest (Orc:1)
  Sonja (D:11)
  A sea snake (Lair:5)
  An unseen horror (D:11)
  Pikel (D:7)
  An orc knight (D:11)
  2 orc sorcerers (D:11)
  An elephant (Lair:4)
  A black mamba (Lair:3)
  A gargoyle (D:11)
  9 spiny frogs
  3 rime drakes
  Maggie (D:8)
  12 komodo dragons
  The ghost of omer1ben the Conjurer, a novice OpFE (D:4)
  A troll (D:9)
  Prince Ribbit (D:9)
  2 wind drakes
  6 polar bears
  18 blink frogs
  5 hornets
  5 hippogriffs
  A snapping turtle (Lair:3)
  5 dream sheep
  Sigmund (D:4)
  A redback (Lair:4)
  A wyvern (Lair:6)
  34 yaks
  6 wraiths (D:11)
  A basilisk (Lair:6)
  2 hungry ghosts
  Menkaure (D:4)
  4 wargs (D:11)
  Duvessa (D:7)
  10 water moccasins
  5 porcupines
  9 orc warriors
  5 sky beasts
  An eye of draining (D:8)
  9 ogres
  2 centaurs
  4 wolves (Lair:2)
  10 crocodiles
  A big kobold (D:8)
  A wyvern zombie (D:10)
  12 bullfrogs
  A wyvern skeleton (D:9)
  Dowan (D:7)
  6 scorpions
  8 killer bees
  5 wights
  7 howler monkeys
  8 crimson imps
  A quasit (D:8)
  2 bullfrog zombies
  2 hounds (D:4)
  8 jellies
  18 orc priests
  Crazy Yiuf (D:2)
  A bullfrog skeleton (D:11)
  2 centaur skeletons
  10 worker ants
  3 iguanas
  26 orc wizards
  A hound skeleton (D:6)
  A howler monkey zombie (D:10)
  A worker ant zombie (D:10)
  11 gnolls
  10 adders
  2 river rats (D:11)
  3 shadow imps (D:5)
  An ooze (D:3)
  5 worms
  A dart slug (D:3)
  2 leopard geckos (D:4)
  73 orcs
  2 ball pythons (D:3)
  8 giant cockroaches
  7 goblins
  12 hobgoblins
  10 jackals
  8 kobolds
  6 quokkas
  6 bats
  8 frilled lizards
  A jackal zombie (D:6)
  A quokka skeleton (D:4)
  A quokka zombie (D:7)
  8 rats
512 creatures vanquished.

Vanquished Creatures (others)
  2 orcs (D:7)
  8 plants
10 creatures vanquished.

Grand Total: 522 creatures vanquished

Notes
Turn   | Place    | Note
-------+----------+-------------------------------------------
     0 | D:1      | KiliKikkendorf the Hill Orc Gladiator began the quest for
                  | the Orb.
     0 | D:1      | Reached XP level 1. HP: 18/18 MP: 1/1
   207 | D:1      | Reached XP level 2. HP: 21/25 MP: 2/2
   710 | D:2      | Reached XP level 3. HP: 25/30 MP: 3/3
   719 | D:2      | Reached skill level 1 in Armour
   820 | D:2      | Learned a level 1 spell: Magic Dart
   958 | D:2      | Reached XP level 4. HP: 33/38 MP: 4/4
   963 | D:2      | Gained mutation: You are weak. (Str -2) [potion of
                  | mutation]
   963 | D:2      | Gained mutation: You are resistant to hostile enchantments.
                  | (MR+) [potion of mutation]
  1170 | D:2      | Found a runed translucent door.
  1171 | D:2      | Noticed Crazy Yiuf
  1218 | D:3      | Reached skill level 5 in Axes
  1222 | D:3      | Reached XP level 5. HP: 41/46 MP: 5/5
  1790 | D:3      | Found a faded altar of an unknown god.
  2019 | D:3      | Found a stormy altar of Qazlal.
  2025 | D:3      | Reached XP level 6. HP: 45/52 MP: 6/6
  2040 | D:3      | Became a worshipper of Qazlal Stormbringer
  2077 | D:3      | Found a glowing silver altar of Zin.
  2321 | D:2      | Killed Crazy Yiuf
  2448 | D:4      | Found a runed translucent door.
  2450 | D:4      | Noticed omer1ben's ghost (novice OpFE)
  2541 | D:4      | Reached skill level 6 in Axes
  2672 | D:4      | Noticed Sigmund
  2689 | D:4      | Killed Sigmund
  2689 | D:4      | Reached skill level 7 in Axes
  2689 | D:4      | Reached XP level 7. HP: 50/60 MP: 7/7
  2945 | D:4      | Reached * piety under Qazlal
  2964 | D:4      | Noticed Menkaure
  2969 | D:4      | Killed Menkaure
  2969 | D:4      | Reached skill level 8 in Axes
  2969 | D:4      | Reached XP level 8. HP: 58/67 MP: 8/8
  3102 | D:4      | Found a runed translucent door.
  3240 | D:4      | Reached skill level 5 in Fighting
  3270 | D:4      | Found a blossoming altar of Fedhas.
  3350 | D:4      | Reached skill level 5 in Armour
  3374 | D:4      | Killed omer1ben's ghost
  3374 | D:4      | Reached skill level 9 in Axes
  3416 | D:5      | Entered Level 5 of the Dungeon
  3624 | D:5      | Reached skill level 10 in Axes
  3837 | D:5      | Lost mutation: You are weak. (Str -2) [potion of mutation]
  3837 | D:5      | Lost mutation: You are resistant to hostile enchantments.
                  | (MR+) [potion of mutation]
  3837 | D:5      | Gained mutation: You are agile. (Dex +2) [potion of
                  | mutation]
  3837 | D:5      | Gained mutation: You are partially covered in iridescent
                  | scales. (AC +2) [potion of mutation]
  4019 | D:6      | Reached XP level 9. HP: 75/75 MP: 9/9
  4136 | D:6      | Reached ** piety under Qazlal
  4158 | D:6      | Found a blossoming altar of Fedhas.
  4623 | D:6      | Found a shimmering altar of Xom.
  4716 | D:7      | Found Atessyno's Magic Scroll Shop.
  4813 | D:7      | Noticed Pikel
  4823 | D:7      | Killed Pikel
  4823 | D:7      | Reached skill level 11 in Axes
  4937 | D:7      | Noticed Duvessa
  4942 | D:7      | Noticed Dowan
  4948 | D:7      | Killed Dowan
  4956 | D:7      | Killed Duvessa
  5146 | D:7      | Reached skill level 12 in Axes
  5206 | D:7      | Found a staircase to the Ecumenical Temple.
  5516 | D:7      | Found an ornate altar of the Wu Jian Council.
  5612 | D:8      | Reached *** piety under Qazlal
  5624 | D:8      | Reached XP level 10. HP: 51/84 MP: 10/10
  5809 | D:8      | Noticed Maggie
  5820 | D:8      | Killed Maggie
  6001 | D:8      | Reached skill level 13 in Axes
  6238 | D:8      | Reached skill level 5 in Dodging
  6244 | D:8      | Reached skill level 1 in Shields
  7017 | D:9      | Noticed Erica
  7023 | D:9      | Killed Erica
  7023 | D:9      | Reached **** piety under Qazlal
  7023 | D:9      | Reached skill level 1 in Stealth
  7081 | D:9      | Got a steaming falchion
  7082 | D:9      | Identified the +4 falchion of Anger {holy, +Inv Dex+4 SInv}
                  | (You found it on level 9 of the Dungeon)
  7123 | D:9      | Reached skill level 14 in Axes
  7135 | D:9      | Noticed Prince Ribbit
  7141 | D:9      | Killed Prince Ribbit
  7141 | D:9      | Reached skill level 5 in Shields
  7150 | D:9      | Noticed a +0 dagger
  7151 | D:9      | Noticed a +0 dagger
  7155 | D:9      | Found a hide-covered altar of Uskayaw.
  7191 | D:9      | Reached XP level 11. HP: 90/92 MP: 11/11
  7519 | D:10     | Entered Level 10 of the Dungeon
  7838 | D:10     | Found Zucsialu's Assorted Antiques.
  7847 | D:10     | Bought a scroll labeled LINYNY ANURE for 28 gold pieces
  8266 | D:11     | Found Ruxzost's Distillery.
  8278 | D:11     | Bought a potion of heal wounds for 60 gold pieces
  8278 | D:11     | Bought a potion of curing for 36 gold pieces
  8278 | D:11     | Bought a potion of heal wounds for 60 gold pieces
  8304 | D:11     | Noticed a death yak
  8317 | D:11     | Killed a death yak
  8331 | D:11     | Reached ***** piety under Qazlal
  8333 | D:11     | Noticed a death yak
  8335 | D:11     | Noticed a death yak
  8339 | D:11     | Killed a death yak
  8339 | D:11     | Reached skill level 15 in Axes
  8348 | D:11     | Killed a death yak
  8359 | D:11     | Found a staircase to the Lair.
  8390 | D:11     | Killed an unseen horror
  8777 | D:11     | Found Careth's Distillery.
  8782 | D:11     | Bought a potion of heal wounds for 75 gold pieces
  8782 | D:11     | Bought a potion of curing for 45 gold pieces
  8782 | D:11     | Bought a potion of curing for 45 gold pieces
  8797 | D:11     | Found a staircase to the Orcish Mines.
  8886 | D:11     | Found Kuxyowo's Weapon Boutique.
  9723 | Lair:1   | Entered Level 1 of the Lair of Beasts
  9740 | Lair:1   | Reached XP level 12. HP: 102/102 MP: 12/12
 10352 | Lair:2   | Reached skill level 16 in Axes
 10353 | Lair:2   | Reached skill level 10 in Shields
 10390 | Lair:2   | Noticed a thrashing horror
 10417 | Lair:2   | Found a transporter.
 10419 | Lair:2   | Found a transporter.
 10422 | Lair:2   | Noticed a soul eater
 10684 | Lair:2   | Noticed a seven-headed hydra
 10693 | Lair:2   | Killed a four-headed hydra
 10871 | Lair:2   | Noticed Utroop's ghost (journeyman FoAK)
 10928 | Lair:2   | Found a one-way gate to the infinite horrors of the Abyss.
 11115 | Lair:3   | Reached ****** piety under Qazlal
 11290 | Lair:3   | Got a dazzling spear
 11291 | Lair:3   | Identified the +7 spear of Zineu {vorpal, +Blink} (You
                  | found it on level 3 of the Lair of Beasts)
 11361 | Lair:3   | Found a staircase to the Shoals.
 11711 | Lair:4   | Reached XP level 13. HP: 85/111 MP: 13/13
 11883 | Lair:4   | Identified a scroll of acquirement
 11918 | Lair:4   | Found a hole to the Spider Nest.
 12148 | Lair:4   | Found a runed translucent gate.
 12148 | Lair:4   | Found a runed translucent gate.
 12148 | Lair:4   | Found a runed translucent gate.
 12149 | Lair:4   | Noticed Jocoan's ghost (journeyman VSTm)
 12627 | Lair:4   | Killed Jocoan's ghost
 12627 | Lair:4   | Reached skill level 17 in Axes
 13000 | Lair:5   | Found a viscous altar of Jiyva.
 13001 | Lair:5   | Found a staircase to the Slime Pits.
 13465 | Lair:6   | Entered Level 6 of the Lair of Beasts
 13504 | Lair:6   | Reached skill level 18 in Axes
 13861 | Lair:5   | Reached skill level 10 in Fighting
 14809 | Lair:6   | Reached skill level 19 in Axes
 14852 | Lair:6   | Got a warped ring mail
 14971 | Lair:6   | Identified the +8 ring mail of Action {Dex+2} (You found it
                  | on level 6 of the Lair of Beasts)
 15523 | Orc:1    | Entered Level 1 of the Orcish Mines
 15523 | Orc:1    | Noticed Josephine
 15527 | Orc:1    | Noticed Sonja
 15609 | D:11     | Killed Sonja
 15609 | D:11     | Reached XP level 14. HP: 113/122 MP: 14/14
 15740 | Orc:1    | Noticed Fannar
 15783 | D:11     | Paralysed by an orc sorcerer for 5 turns
 16062 | D:11     | Killed Fannar
 16889 | D:11     | Killed Josephine
 16889 | D:11     | Reached skill level 1 in Invocations
 17042 | Orc:1    | Noticed Erolcha
 17048 | Orc:1    | Killed Erolcha
 17056 | Orc:1    | Reached skill level 10 in Armour
 17415 | Orc:2    | Entered Level 2 of the Orcish Mines
 17951 | Orc:1    | HP: 9/183 [ettin/+0 dire flail (12)]
 17952 | Orc:1    | Killed from afar by an orc high priest

Levels and vault maps discovered:
D:1:      nagdon_arrival_double_spiral, layout_loops_cross
D:2:      layout_rooms, serial_curves, eino_curves_01, eino_curves_03,
          eino_curves_03, minmay_misc_feat_pillars, uniq_crazy_yiuf_cottage
D:3:      layout_rooms, marbit_many_paths, lemuel_crystal_altar,
          chequers_ecumenical_altar_simple_redux, first_ration,
          minmay_fractal_squares_5
D:4:      layout_rooms, fedhas_altar_4, ebering_ghost_sewer_f,
          kennysheep_crisscross, corner_web_ring, wad_orctagon, uniq_menkaure,
          uniq_sigmund
D:5:      layout_rooms
D:6:      minmay_skewed_foursquare, layout_cave_pools, tgw_xom, basic_altar,
          serial_park, serial_park_tiny_1, serial_park_square2,
          serial_park_tiny_2, serial_park_tiny_1
D:7:      layout_rooms, kennysheep_little_box,
          minmay_temple_entry_statues_pillars, serial_shops, shop_scrolls,
          uniq_pikel, uniq_duvessa
D:8:      layout_loops_corners, uniq_maggie
D:9:      layout_grid_maze, dancing_weapons_uskayaw, uniq_erica,
          uniq_prince_ribbit1
D:10:     layout_cave_pools, serial_shops, shop
D:11:     layout_layer_cave, dpeg_lair_monsters, minmay_orc_entry_guard_dogs,
          serial_shops, shop, nicolae_shop_stone, shop
Lair:1:   layout_chaotic_city, serial_bayou_pond_a, minivault_23,
          infiniplex_staircase_pool_2
Lair:2:   layout_regular_city, gammafunk_ghost_abyssal_escape
Lair:3:   layout_misc_corridors, minmay_shoals_entry_hut
Lair:4:   layout_cellular_growth, spider_nest_entry_webs, gammafunk_ghost_split
Lair:5:   layout_gridlike, dpeg_slime_entry_enclosed_altar,
          chequers_serial_rivers_micro_c, grunt_megastairs_2
Lair:6:   gammafunk_lair_ancient_temple, layout_gridlike
Orc:1:    layout_caves, uniq_erolcha, uniq_fannar, uniq_sonja, uniq_josephine
Orc:2:    st_orc_mages, layout_caves, uniq_azrael, uniq_nessos

Skill      XL: |  1  2  3  4  5  6  7  8  9 10 11 12 13 14 |
---------------+-------------------------------------------+-----
Armour         | 1 2 3 4 6 7 8 9 10 | 10.0
Fighting       | 3 4 5 6 7 8 9 10 | 10.9
Axes           | 5 7 8 10 12 14 15 16 19 | 19.5
Dodging        | 3 4 5 |  5.7
Shields        | 5 8 11 13 14 | 14.0
Stealth        | 1 |  1.7
Invocations    | 1 |  1.2
Throwing       | |  1.7
Spellcasting   | |  0.2
Conjurations   | |  0.1

Action                   |  1- 3 |  4- 6 |  7- 9 | 10-12 | 13-15 || total
-------------------------+-------+-------+-------+-------+-------++-------
Melee: War axe           |    93 |   167 |   245 |       |       ||   505
       Battleaxe         |       |       |   110 |    24 |       ||   134
       Broad axe         |       |       |       |   425 |   375 ||   800
 Cast: Magic Dart        |     2 |       |       |       |       ||     2
Invok: Upheaval          |       |       |       |       |     5 ||     5
       Elemental Force   |       |       |       |       |     2 ||     2
Evoke: Box of beasts     |       |       |       |       |     1 ||     1
  Use: Scroll            |     3 |    12 |     5 |     8 |    14 ||    42
       Potion            |     2 |     6 |     5 |     1 |     8 ||    22
  Eat: Chunk             |       |     6 |    10 |    14 |     5 ||    35
       Ration            |       |       |       |     2 |     4 ||     6
Armor: Leather armour    |    32 |    49 |    54 |    27 |       ||   162
       Chain mail        |       |     8 |    96 |    71 |       ||   175
       Plate armour      |       |       |       |    46 |    84 ||   130
Dodge: Dodged            |    78 |   102 |   210 |   100 |    38 ||   528
       Repelled          |       |       |       |       |     5 ||     5
Block: Other             |       |       |    26 |     2 |       ||    28
       Tower shield      |       |       |       |   491 |   408 ||   899

Table legend:
 A = Non-vault XP
 B = Vault XP
 C = Vault XP percentage of total XP
 D = Non-vault monster count
 E = Vault monster count
 F = Vault count percentage of total count
                 A         B        C        D         E       F
            +---------+---------+-------+---------+---------+-------
      Total |   38632 |   24517 |  38.8 |     415 |      97 |  18.9
            +---------+---------+-------+---------+---------+-------
        D:1 |      25 |       0 |   0.0 |      17 |       0 |   0.0
        D:2 |      78 |      40 |  33.9 |      22 |       1 |   4.3
        D:3 |     205 |      16 |   7.2 |      32 |       4 |  11.1
        D:4 |     579 |     775 |  57.2 |      24 |      10 |  29.4
        D:5 |     584 |       0 |   0.0 |      15 |       0 |   0.0
        D:6 |     559 |     164 |  22.7 |      16 |       8 |  33.3
        D:7 |     596 |     890 |  59.9 |      24 |       3 |  11.1
        D:8 |    1340 |     350 |  20.7 |      34 |       1 |   2.9
        D:9 |    2640 |    1218 |  31.6 |      25 |       2 |   7.4
       D:10 |    1301 |       0 |   0.0 |      27 |       0 |   0.0
       D:11 |    4893 |    7358 |  60.1 |      54 |      22 |  28.9
     Lair:1 |    3214 |       0 |   0.0 |      18 |       0 |   0.0
     Lair:2 |    7174 |       0 |   0.0 |      30 |       0 |   0.0
     Lair:3 |    1770 |     256 |  12.6 |       9 |       1 |  10.0
     Lair:4 |    2667 |    2689 |  50.2 |      10 |       7 |  41.2
     Lair:5 |    2509 |    3392 |  57.5 |      10 |      11 |  52.4
     Lair:6 |    6350 |    5242 |  45.2 |      25 |      17 |  40.5
      Orc:1 |    2013 |    1903 |  48.6 |      20 |       3 |  13.0
      Orc:2 |     135 |     224 |  62.4 |       3 |       7 |  70.0
            +---------+---------+-------+---------+---------+-------
